Description

This is the variant used on Odyssey with a Nexus first at the gold base.

VOD

https://www.youtube.com/watch?v=BVul4ctbsn0&t=6m16s

Replay - Has v TLO: Game 4 - Odyssey LE

Build Order

Get SALT Encoding   

  14  0:18  Pylon  @ main ramp
  18  1:03  Nexus  send probe @ 0:40
  18  1:12  Gateway  
  19  1:19  Assimilator  
  20  1:28  Assimilator  
  23  2:00  Cybernetics Core  send ~8 probes to gold @ 2:00
  25  2:15  Zealot (Chrono Boost)  
  29  2:30  Pylon  @ gold
  30  2:40  Adept (Chrono Boost)  
  32  2:44  Warp Gate  
  32  2:50  Mothership Core (Chrono Boost)  @ gold
  34  2:53  Twilight Council  
  36  3:03  Adept (Chrono Boost)  
  38  3:15  Robotics Facility  stop gas @ 100 after robo
  40  3:30  Charge (Chrono Boost)  
  40  3:40  Gateway x7  cut probes & add as money allows
  40  4:00  Warp Prism  
  40  4:15  Pylon  pylons
  40  5:00  Zealot x7  glhf
Spawning Tool Build Advisor. Get it on Overwolf

Analysis

Skip your /23 pylon, wait for gold Nexus to complete.

Recommended to get a 2nd warp prism to multi-prong attack.

Has builds twilight & robo at gold base. Gates mixed between the two.

Go to:

Details

  • Created by: Bones     
  • Published on: Sep 15, 2017
  • Modified on: Sep 15, 2017
  • Patch: 3.8.0
Show
View Real Time Build Order
Export as new Build Order

Comments (0)

There are no comments. Be the first!

Create an account to comment!